 Dungeon Crawl Stone Soup version 0.20.1-1-g8b1a95d (webtiles) character file.

397 Irenicus the Slasher (level 6, -4/42 HPs)
             Began as an Octopode Chaos Knight on Oct 13, 2017.
             Slain by Duvessa
             ... wielding a +2 short sword of electrocution
              (8 damage)
             ... on level 4 of the Dungeon.
             The game lasted 00:05:10 (2010 turns).

Irenicus the Slasher (Octopode Chaos Knight)        Turns: 2010, Time: 00:05:12

Health: -4/42      AC:  1    Str: 11      XL:     6   Next: 83%
Magic:  6/6        EV: 13    Int: 14      God:    Xom [*.....]
Gold:   104        SH:  2    Dex: 13 (14) Spells: 5/5 levels left

rFire    . . .     SeeInvis .   a - +0 falchion (chaos)
rCold    . . .     Gourm    .   (no shield)
rNeg     . . .     Faith    .   (helmet restricted)
rPois    .         Spirit   .   m - +2 amulet of reflection
rElec    .         Reflect  +   l - ring of protection from magic
rCorr    .         Harm     .   (no ring)
MR       +....                  (no ring)
Stlth    ++........             (no ring)
Regen    0.2/turn               (no ring)
MPRegen  0.1/turn               (no ring)
                                (no ring)
                                (no ring)

@: no status effects
A: almost no armour, stealthy swim, amphibious, 8 rings, constrict 8, camouflage
1, gelatinous body 1
a: Renounce Religion


You were on level 4 of the Dungeon.
You worshipped Xom.
You were a special plaything of Xom.
You were not hungry.

You visited 1 branch of the dungeon, and saw 4 of its levels.

You collected 104 gold pieces.

Inventory:

Hand Weapons
 a - a +0 falchion of chaos (weapon)
Armour
 p - a +0 large shield
Jewellery
 l - a ring of protection from magic (left tentacle)
 m - a +2 amulet of reflection (around mantle)
Wands
 s - a wand of random effects (7/48)
 v - a wand of digging (17/24)
Scrolls
 c - 3 scrolls of identify {unknown}
 d - 2 scrolls of blinking {unknown}
 h - a scroll of teleportation {unknown}
 i - a scroll of remove curse {unknown}
 k - a scroll of immolation {unknown}
 t - a scroll of recharging {unknown}
 u - a scroll of enchant weapon {unknown}
Potions
 e - a potion of brilliance {unknown}
 f - a potion of degeneration {unknown}
 g - 3 potions of curing {unknown}
 n - 2 potions of haste {unknown}
 o - a potion of agility {unknown}
Comestibles
 b - a bread ration
 j - a meat ration
 q - 2 chunks of flesh
 r - 3 fruits


   Skills:
 - Level 3.0 Fighting
 + Level 7.3 Long Blades
 - Level 2.3 Dodging
 - Level 1.0 Shields


You had 5 spell levels left.
You didn't know any spells.

Dungeon Overview and Level Annotations

Branches:
Dungeon (4/15)
 Temple: D:4-7

Altars:

Annotations:
D:4 Dowan, Duvessa


Innate Abilities, Weirdness & Mutations

You cannot wear most types of armour.
You are very stealthy in the water. (Stealth+)
You are amphibious.
You can wear up to eight rings at the same time.
You can use your tentacles to constrict eight enemies at once.
Your skin changes colour to match your surroundings (Stealth+).
Your rubbery body absorbs attacks. (AC +1, EV +1)


Message History

Duvessa shouts!
You hit Duvessa.
You catch a glimpse of the back of your own head.
Your grab misses Duvessa.
Duvessa is lightly wounded.
You hear a shout!
Duvessa barely misses you.
You hit Duvessa. You grab Duvessa.
Duvessa is lightly wounded.
You constrict Duvessa, but do no damage.
Duvessa hits you with a short sword of electrocution.
You are electrocuted!
You hit Duvessa.
Duvessa is poisoned.
Duvessa is lightly wounded.
You constrict Duvessa, but do no damage.
Duvessa hits you with a short sword of electrocution!
* * * LOW HITPOINT WARNING * * *
You are electrocuted!
You die...
Xom chortles!

###....†...#
.(.###.....#######.#
#..#...#...........#
#..#.####...##### e#
#..#. ##.## .# .#.#
#.# .# ##.# #.# .# ∆
#.# #.#######.# #.#
#.....)@e.# .#
####..##### #..# ∆
#..# ∆ #..# #..#
#..# #..#


You could see Duvessa.

Vanquished Creatures
  An ogre (D:3)
  The ghost of cochise the Cudgeler, an amateur MiMo (D:3)
  A crimson imp (D:4)
  Ijyb (D:4)
  8 adders
  3 worms
  2 dart slugs
  5 leopard geckos
  6 bats
  5 giant cockroaches
  8 goblins
  10 hobgoblins
  2 jackals (D:3)
  2 ball pythons
  4 frilled lizards
  10 kobolds
  11 rats
80 creatures vanquished.

Notes
Turn   | Place    | Note
-------+----------+-------------------------------------------
     0 | D:1      | Irenicus the Octopode Chaos Knight began the quest for the Orb.
     0 | D:1      | Reached XP level 1. HP: 16/16 MP: 1/1
   107 | D:1      | Reached XP level 2. HP: 21/21 MP: 2/2
   149 | D:1      | XOM: divination: detect creatures
   375 | D:1      | Reached skill level 4 in Long Blades
   379 | D:1      | XOM: harmless Conj miscast
   400 | D:1      | XOM: divination: magic mapping
   591 | D:1      | Reached XP level 3. HP: 26/26 MP: 3/3
   826 | D:2      | XOM: divination: detect items
   926 | D:2      | Reached XP level 4. HP: 17/31 MP: 4/4
   934 | D:2      | Reached skill level 5 in Long Blades
  1288 | D:3      | Reached XP level 5. HP: 21/36 MP: 5/5
  1293 | D:3      | Noticed an ogre
  1305 | D:3      | XOM: god gift: 5 needles of confusion
  1351 | D:3      | XOM: divination: magic mapping
  1368 | D:3      | Killed an ogre
  1368 | D:3      | Reached skill level 6 in Long Blades
  1409 | D:3      | Reached XP level 6. HP: 30/42 MP: 6/6
  1480 | D:3      | XOM: summons 3 hostile demons
  1688 | D:3      | XOM: 7-stop teleportation journey
  1863 | D:3      | Noticed cochise's ghost (amateur MiMo)
  1866 | D:3      | XOM: noise
  1887 | D:3      | Killed cochise's ghost
  1887 | D:3      | Reached skill level 7 in Long Blades
  1887 | D:3      | Reached skill level 1 in Shields
  1985 | D:4      | Noticed Ijyb
  1992 | D:4      | Killed Ijyb
  1996 | D:4      | Noticed Dowan
  1997 | D:4      | Noticed Duvessa
  2006 | D:4      | XOM: divination: detect items
  2010 | D:4      | Slain by Duvessa

Skill      XL: |  1  2  3  4  5  6 |
---------------+-------------------+-----
Long Blades    | 4 5 6 7 |  7.3
Shields        | 1 |  1.0
Fighting       | |  3.0
Dodging        | |  2.3

Action                   |  1- 3 |  4- 6 || total
-------------------------+-------+-------++-------
Melee: Falchion          |    65 |   113 ||   178
       Constrict         |    16 |    24 ||    40
       Tentacles         |    13 |    20 ||    33
  Use: Potion            |       |     1 ||     1
 Stab: Sleeping          |     6 |     2 ||     8
       Confused          |       |     1 ||     1
  Eat: Chunk             |       |     4 ||     4
Armor: Skin              |     7 |    24 ||    31
Dodge: Dodged            |    30 |    72 ||   102
Block: Other             |       |     8 ||     8
       Rpst.: Falchion   |    12 |    20 ||    32
